 Dungeon Crawl Stone Soup version 0.29.0-10-g45618ea6d2 (webtiles) character file.

Game seed: 4620449291452238805

2 Admiral the Chopper (level 1, -2/18 HPs)
             Began as a Naga Wanderer on Sept 1, 2022.
             Slain by a hobgoblin (4 damage)
             ... on level 2 of the Dungeon.
             The game lasted 00:02:43 (80 turns).

Admiral the Chopper (Naga Wanderer)                   Turns: 80, Time: 00:02:43

Health: -2/18      AC:  1    Str: 13    XL:     1   Next: 30%
Magic:  2/2        EV:  9    Int: 14    God:
Gold:   6          SH:  3    Dex:  9    Spells: 1/2 levels left

rFire   . . .      SeeInvis +   a - +2 hand axe
rCold   . . .      Faith    .   b - +0 buckler
rNeg    . . .      Spirit   .   d - +0 robe
rPois   +          Reflect  .   (no helmet)
rElec   .          Harm     .   (no cloak)
rCorr   .          Rampage  .   (no gloves)
Will    .....                   (no barding)
Stlth   +.........              (no amulet)
HPRegen 0.06/turn               (no ring)
MPRegen 0.08/turn               (no ring)

@: lethally poisoned (-2 -> -5), very slow
A: AC +0, large, see invisible, deformed body, poison resistance, slowness 2,
spit poison 1, naga tail 1
a: Spit Poison


You were on level 2 of the Dungeon.
You visited 1 branch of the dungeon, and saw 2 of its levels.

You collected 6 gold pieces.

Inventory:

Hand Weapons
 a - a +2 hand axe (weapon)
Armour
 b - a +0 buckler (worn)
 d - a +0 robe (worn)
 e - a +0 robe
 f - a +0 ring mail
Scrolls
 c - a scroll of butterflies


   Skills:
 + Level 1.0 Fighting
 + Level 3.1 Axes
 + Level 1.5 Dodging
 + Level 1.0 Shields
 + Level 1.0 Spellcasting
 + Level 2.0 Conjurations


You had one spell level left.
You knew the following spells:

 Your Spells              Type           Power      Damage    Failure   Level
a - Shock                 Conj/Air       12%        1d3       22%         1

Your spell library contained the following spells:

 Spells                   Type           Power      Damage    Failure   Level
 Dazzling Flash           Conj/Hex       6%         N/A       54%         3


Dungeon Overview and Level Annotations

Branches:
Dungeon (1/15)

Altars:


Innate Abilities, Weirdness & Mutations

Your serpentine skin is tough. (AC +0)
You have supernaturally acute eyesight. (SInv)
Armour fits poorly on your strangely shaped body.
Your system is resistant to poisons. (rPois)
You cover ground very slowly.
You can spit poison.
You have a snake-like lower body.


Message History

You see here a +0 ring mail.
f - a +0 ring mail
Okay, then.
Casting: Shock (safe; 22% risk of failure)
Confirm with . or Enter, or press ? or * to list all spells.
Aiming: Shock (safe; 22% risk of failure)
Press: ? - help, Shift-Dir - straight line, f - you
Okay, then.
Casting: Shock (safe; 22% risk of failure)
Confirm with . or Enter, or press ? or * to list all spells.
You can't see any susceptible monsters within range! (Use Z to cast anyway.)
Okay, then.
Found a sling.
There is a shaft here.
You fall into a shaft and drop 1 floor!
The shaft crumbles and collapses.
You feel a little less mighty now.
Found 11 gold pieces.
You open the door.
An adder comes into view.
The adder hisses angrily.
A hobgoblin comes into view.
There is an open door here.
The hobgoblin shouts!
You hear an angry hiss.
A ball python comes into view.
The adder bites you.
You closely miss the adder. The adder bites you.
You hit the adder.
The adder is moderately wounded.
You hit the hobgoblin. The adder bites you. x2
* * * LOW HITPOINT WARNING * * *
You are lethally poisoned!
The adder poisons you! The hobgoblin hits you.
* * * LOW HITPOINT WARNING * * *
You closely miss the hobgoblin.
The hobgoblin is lightly wounded.
You miss the adder.
* * * LOW HITPOINT WARNING * * *
You feel sick. The adder barely misses you. The hobgoblin hits you.
You die...

# #....# ..###
#.#....# ....
###.#....####..
..$......+..#.#
#........##.#.#######
... #................
....###'#.#.#.#######
......g.....#.#######
.....SS@.####.......#
.........# #######.#
.........# .........#
#######.## ###


You could see an adder, a hobgoblin and a ball python.

Vanquished Creatures
  An endoplasm (D:1)
  A rat (D:1)
2 creatures vanquished.

Notes
Turn   | Place    | Note
-------+----------+-------------------------------------------
     0 | D:1      | Admiral the Naga Wanderer began the quest for the Orb.
     0 | D:1      | Admiral set off with the following items: a +2 hand axe, a
                  | +0 buckler, a scroll of butterflies, a +0 robe; and the
                  | following spell memorised: Shock; and the following spells
                  | available to memorise: Dazzling Flash.
     0 | D:1      | Reached XP level 1. HP: 18/18 MP: 2/2
    64 | D:1      | You fall into a shaft and drop 1 floor!
    80 | D:2      | Slain by a hobgoblin

Illustrated notes

Levels and vault maps discovered:
D:1:      dpeg_arrival_long_road, layout_loops_ring, serial_bayou,
          serial_bayou_pond_a, serial_bayou_pond_b, serial_bayou_pond_d,
          serial_bayou_lagoon_a
D:2:      layout_basic, nicolae_elevator_lobby_plus, uniq_robin

Action                   || total
-------------------------++-------
Melee: Hand axe          ||     7
  Use: Potion            ||     1
Dodge: Dodged            ||     2
